 Dungeon Crawl Stone Soup version 0.18.1-5-g4a78601 (webtiles) character file.

131 striepan the Slasher (level 4, 0/40 HPs)
             Began as a Minotaur Gladiator on May 10, 2016.
             Was an Initiate of Okawaru.
             Slain by a gnoll
             ... wielding a +0 halberd
              (13 damage)
             ... on level 3 of the Dungeon.
             The game lasted 00:15:25 (2036 turns).

striepan the Slasher (Minotaur Gladiator)           Turns: 2036, Time: 00:15:26

Health: 0/40       AC:  3    Str: 20    XL:     4   Next: 91%
Magic:  3/3        EV: 12    Int:  5    God:    Okawaru [......]
Gold:   92         SH:  0    Dex: 11    Spells: 0 memorised, 3 levels left

rFire  + . .     SeeInvis .     a - +0 long sword
rCold  . . .     Gourm    .     b - +0 leather armour
rNeg   . . .     Faith    .     (no shield)
rPois  .         Spirit   .     c - +0 hat
rElec  .         Dismiss  .     (no cloak)
rCorr  .         Reflect  .     (no gloves)
SustAt .         Harm     .     (no boots)
MR     .....                    (no amulet)
Stlth  +.........               (no ring)
                                h - ring of protection from fire

@: not resistant to hostile enchantments, very unstealthy
A: retaliatory headbutt, horns 2
a: Renounce Religion


You were on level 3 of the Dungeon.
You worshipped Okawaru.
Okawaru was noncommittal.
You were not hungry.

You visited 1 branch of the dungeon, and saw 3 of its levels.

You collected 92 gold pieces.

Inventory:

Hand Weapons
 a - a +0 long sword (weapon)
Missiles
 d - 3 throwing nets (quivered)
Armour
 b - a +0 leather armour (worn)
 c - a +0 hat (worn)
Jewellery
 h - a ring of protection from fire (left hand)
Scrolls
 g - 6 scrolls of identify {unknown}
 k - 2 scrolls of enchant weapon {unknown}
 m - a scroll of remove curse {unknown}
 n - 2 scrolls of teleportation {unknown}
 o - a scroll of random uselessness {unknown}
 q - a scroll of immolation {unknown}
 r - a scroll of blinking {unknown}
 u - a scroll of recharging {unknown}
Potions
 e - 6 potions of curing {unknown}
 l - a potion of resistance {unknown}
 p - a potion of brilliance {unknown}
 s - 2 potions of flight {unknown}
Books
 t - Sif Muna's Grimoire of Summoning
   (You found it on level 3 of the Dungeon)

   Spells                             Type                      Level
   a - Summon Small Mammal            Summoning                    1
Comestibles
 f - a bread ration
 i - 9 fruits
 j - a beef jerky
 v - a meat ration


   Skills:
 + Level 3.9 Fighting
 - Level 6.0 Long Blades
 - Level 2.0 Throwing
 - Level 3.2 Dodging


You had 3 spell levels left.
You didn't know any spells.

Dungeon Overview and Level Annotations

Branches:
Dungeon (3/15)

Altars:
Fedhas
Kikubaaqudgha
Okawaru
Pakellas
Qazlal
Sif Muna
Vehumet


Innate Abilities, Weirdness & Mutations

You reflexively headbutt those who attack you in melee.
You have a pair of horns on your head.


Message History

w - a chunk of flesh You start resting.
Eating a chunk of flesh.
This raw flesh tastes terrible.
You continue eating. x2
A gnoll comes into view. It is wielding a halberd.
The gnoll shouts!
There is an open door here.
You see here a jackal skeleton.
There is a stone staircase leading up here.
A gnoll is nearby!
The gnoll hits you from afar with a halberd.
The gnoll hits you with a halberd!
* * * LOW HITPOINT WARNING * * *
An orc comes into view. It is wielding a dagger.
You are too injured to fight recklessly!
You are too injured to fight recklessly!
You hit the gnoll.
The gnoll is moderately wounded.
The orc moves out of view.
The gnoll hits you with a halberd!
You die...

...#....#.#########.########
...##>†.....................
_....##†###########.########
...#..).....# #####'######
.g§##...[...# #..........#
.####.......# #..........#
..#.#.......# #..........#
#.#.#.......###........(.#
#g#.#..........<@g.......##
#.#.#............÷.....g..#
.w#.#.......#######.#####.#
.##...............#.#
#.###### .
########.####.#.#.# #.#....#
. #.# ##.###.#####'#....# .
#.###......#..........# #
#.#...................#
#..#####...#..........#+


You could see 2 gnolls.

Vanquished Creatures
  A gnoll (D:3)
  3 adders
  An ooze (D:2)
  2 worms
  A dart slug (D:1)
  3 giant geckos
  4 giant cockroaches
  6 goblins
  8 hobgoblins
  13 jackals
  5 kobolds
  2 quokkas
  A ball python (D:1)
  12 bats
  3 giant newts
  7 rats
72 creatures vanquished.

Notes
Turn   | Place    | Note
--------------------------------------------------------------
     0 | D:1      | striepan the Minotaur Gladiator began the quest for the Orb.
     0 | D:1      | Reached XP level 1. HP: 18/18 MP: 0/0
    55 | D:1      | Reached skill level 4 in Long Blades
   239 | D:1      | Reached XP level 2. HP: 25/25 MP: 1/1
   571 | D:1      | Reached skill level 5 in Long Blades
   639 | D:2      | Reached XP level 3. HP: 27/30 MP: 2/2
   893 | D:2      | Found an oddly glowing altar of Pakellas.
  1115 | D:2      | Reached skill level 6 in Long Blades
  1115 | D:2      | Reached XP level 4. HP: 32/37 MP: 3/3
  1624 | D:3      | Found a blossoming altar of Fedhas.
  1688 | D:3      | Found an ancient bone altar of Kikubaaqudgha.
  1699 | D:3      | Found a deep blue altar of Sif Muna.
  1701 | D:3      | Found a radiant altar of Vehumet.
  1706 | D:3      | Identified Sif Muna's Grimoire of Summoning
  1793 | D:3      | Found a stormy altar of Qazlal.
  1915 | D:3      | Found an iron altar of Okawaru.
  1923 | D:3      | Became a worshipper of Warmaster Okawaru
  2036 | D:3      | Slain by a gnoll

Skill      XL: |  1  2  3  4 |
---------------+-------------+-----
Long Blades    | 4 5 6 |  6.0
Fighting       | 3 |  3.9
Throwing       | |  2.0
Dodging        | |  3.2

Action                   |  1- 3 |  4- 6 || total
-------------------------+-------+-------++-------
Melee: Long sword        |    80 |    53 ||   133
       Headbutt          |     9 |     4 ||    13
  Eat: Chunk             |     1 |     3 ||     4
Armor: Leather armour    |    16 |    10 ||    26
Dodge: Dodged            |    47 |    35 ||    82
